 Dungeon Crawl Stone Soup version 0.23.0 (webtiles) character file.

Game seed: 9987630689783426464

59287 sighowe the Covert (level 14, -6/90 HPs)
             Began as a Gargoyle Monk on Feb 11, 2019.
             Was the Champion of Ru.
             Mangled by a merfolk impaler
             ... wielding a +0 trident
              (16 damage)
             ... on level 1 of the Shoals.
             The game lasted 01:57:33 (26511 turns).

sighowe the Covert (Gargoyle Monk)                 Turns: 26511, Time: 01:57:35

Health: -6/90      AC: 42    Str: 26    XL:     14   Next: 94%
Magic:  21/25      EV: 11    Int: 23    God:    Ru [******]
Gold:   943        SH:  0    Dex: 12    Spells: 21/25 levels left

rFire    x . .     SeeInvis +   H - +8 short sword of Legag {venom, *Corrode +Inv rPois rC- Int+6}
rCold    . . .     Gourm    .   (shield unavailable)
rNeg     + . .     Faith    .   O - +8 chain mail "Muptuvamm" {-Cast Int+4 Stlth+}
rPois    ∞         Spirit   .   p - +2 helmet {SInv}
rElec    +         Reflect  .   C - +2 cloak
rCorr    .         Harm     .   q - +2 pair of gloves {Str+3}
MR       +....     NoCast   +   B - +2 pair of boots
Stlth    ++........             L - amulet of the acrobat
HPRegen  0.25/turn              (ring unavailable)
MPRegen  0.19/turn              k - ring of ice

@: mighty, exhausted, barbed spikes, studying Axes, drained
A: big wings, slimy green scales 1, deformed body, high mp 1, negative energy
resistance 1, shaggy fur 1, electricity resistance, unbreathing, petrification
resistance, rot immunity, missing a hand, inability to use devices, hated by
all, AC +10
a: Fly, Draw Out Power, Power Leap, Apocalypse, Renounce Religion


You were on level 1 of the Shoals.
You worshipped Ru.
Ru was exalted by your worship.
You were not hungry.

You visited 5 branches of the dungeon, and saw 21 of its levels.
You visited 1 bazaar.

You collected 1415 gold pieces.
You spent 472 gold pieces at shops.

Inventory:

Hand Weapons
 H - the +8 short sword of Legag (weapon) {venom, *Corrode +Inv rPois rC- Int+6}
   (You found it on level 6 of the Dungeon)

   It poisons the flesh of those it strikes.
   It affects your intelligence (+6).
   It makes you vulnerable to cold.
   It protects you from poison.
   It lets you turn invisible.
   It may corrode you when you take damage.
 Z - a +6 demon whip of freezing
Missiles
 b - 2 javelins
 f - 587 stones
 n - 17 curare-tipped needles
 r - 11 tomahawks (quivered)
Armour
 p - a +2 helmet of see invisible (worn)
 q - a +2 pair of gloves of strength (worn)
 B - a +2 pair of boots (worn)
 C - a +2 cloak (worn)
 O - the +8 chain mail "Muptuvamm" (worn) {-Cast Int+4 Stlth+}
   (You found it on level 9 of the Dungeon)

   It affects your intelligence (+4).
   It prevents spellcasting.
   It makes you more stealthy.
 T - a +0 pair of gloves
Jewellery
 e - an uncursed ring of protection from fire
 k - a ring of ice (right hand)
 o - an uncursed ring of positive energy
 s - an uncursed ring of stealth
 y - an uncursed ring of magical power
 L - an amulet of the acrobat (around neck)
Scrolls
 g - 9 scrolls of identify
 i - 3 scrolls of fog
 m - 3 scrolls of magic mapping
 w - 8 scrolls of remove curse
 Y - 4 scrolls of amnesia
Potions
 a - a potion of agility
 d - a potion of invisibility
 j - 3 potions of lignification
 l - 2 potions of haste
 u - a potion of resistance
 z - a potion of brilliance
 F - 2 potions of cancellation
 P - 3 potions of flight
 V - 2 potions of might
 X - a potion of magic
Books
 h - a manual of Axes
Comestibles
 c - 11 rations


   Skills:
 * Level 11.3(10.2) Fighting
 * Level 9.3(8.3) Short Blades
 + Level 8.0(7.7) Axes
 + Level 5.8(7.1) Maces & Flails
 * Level 9.3(8.2) Throwing
 * Level 10.7(9.6) Armour
 + Level 6.5(5.5) Dodging
 * Level 12.0(10.8) Stealth
 + Level 6.2(5.3) Spellcasting


You had 21 spell levels left.
You knew the following spells:

 Your Spells              Type           Power        Failure   Level  Hunger
a - Sting                 Conj/Pois      #...         41%         1    None
b - Poisonous Vapours     Pois/Air       #.....       56%         2    None
c - Infusion              Chrm           #...         41%         1    None

Your spell library contained the following spells:

 Spells                   Type           Power        Failure   Level  Hunger
 Beastly Appendage        Tmut           #.....       41%         1    None
 Confusing Touch          Hex            #.....       41%         1    None
 Shock                    Conj/Air       #...         41%         1    None
 Ensorcelled Hibernation  Hex/Ice        #.....       56%         2    None
 Shroud of Golubria       Chrm/Tloc      #.........   56%         2    None
 Song of Slaying          Chrm           #.......     56%         2    None
 Swiftness                Chrm/Air       #.......     56%         2    None
 Confuse                  Hex            #.......     80%         3    ##.....
 Gell's Gravitas          Tloc           #.........   80%         3    ##.....
 Mephitic Cloud           Conj/Pois/Air  #.......     80%         3    ##.....
 Regeneration             Chrm/Necr      #.........   80%         3    ##.....
 Spectral Weapon          Hex/Chrm       #.......     80%         3    ##.....
 Spider Form              Tmut/Pois      #.........   80%         3    ##.....
 Static Discharge         Conj/Air       #.......     80%         3    ##.....
 Airstrike                Air            #.........   99%         4    ####...
 Ice Form                 Ice/Tmut       #.......     99%         4    ####...
 Leda's Liquefaction      Hex/Erth       #.........   99%         4    ####...
 Olgreb's Toxic Radiance  Pois           #.......     99%         4    ####...
 Petrify                  Tmut/Erth      #.......     99%         4    ####...
 Blade Hands              Tmut           #.........   100%        5    #####..
 Borgnjor's Vile Clutch   Necr/Erth      #.........   100%        5    #####..
 Iskenderun's Battlesphe  Conj/Chrm      #.......     100%        5    #####..
 Lightning Bolt           Conj/Air       #.........   100%        5    #####..
 Metabolic Englaciation   Hex/Ice        #.........   100%        5    #####..
 Silence                  Hex/Air        #.........   100%        5    #####..
 Venom Bolt               Conj/Pois      #.........   100%        5    #####..
 Yara's Violent Unravell  Hex/Tmut       #.........   100%        5    #####..
 Darkness                 Hex            #.........   100%        6    #######
 Iron Shot                Conj/Erth      #.........   100%        6    #######
 Sticks to Snakes         Tmut           Unusable     N/A         2    N/A
 Shadow Creatures         Summ           Unusable     N/A         6    N/A

Dungeon Overview and Level Annotations

Branches:
Dungeon (15/15)            Temple (1/1) D:7            Lair (3/6) D:8
 Shoals (1/4) Lair:3          Orc (1/2) D:9          Vaults (0/5) D:14
 Depths (0/5) D:15
  Snake: Lair:2-4    Spider: Lair:2-4

Altars:
Cheibriados
Dithmenos
Elyvilon
Fedhas
Gozag
Makhleb
Nemelex Xobeh
Okawaru
Ru
Sif Muna
Trog
Wu Jian
Yredelemnul
The Shining One

Shops:
D:6 }


Innate Abilities, Weirdness & Mutations

You are resistant to torment.
Your stone body is resilient. (AC +10)
You are immune to poison.
Your large and strong wings let you fly indefinitely.
You resist negative energy. (rN+)
You are resistant to electric shocks. (rElec)
You can survive without breathing.
You are immune to petrification.
You are immune to rotting.
You are missing a hand.
You cannot study or use magical devices.
You are hated by all.
You are partially covered in slimy green scales. (AC +2)
Armour fits poorly on your strangely shaped body.
You have an increased reservoir of magic. (+10% MP)
You are covered in fur. (AC +1)


Message History

The barbs in your skin will harm you if you move.
Continue?
Okay, then.
The barbs in your skin will harm you if you move.
Continue?
Okay, then.
The merfolk impaler closely misses you.
You redirect the manticore's attack!
The snapping turtle completely misses you.
The merfolk impaler completely misses you.
A merfolk comes into view. It is wielding a +0 trident.
The merfolk impaler barely misses you. The snapping turtle barely misses you.
The manticore closely misses you. The manticore completely misses you.
The manticore claws you but does no damage.
The merfolk impaler completely misses you.
The merfolk shouts!
You puncture the manticore!
The manticore is poisoned.
The manticore is lightly wounded.
The snapping turtle bites you from afar.
* * * LOW HITPOINT WARNING * * *
The merfolk impaler hits you from afar with a +0 trident!
You die...

##.≈...≈≈≈≈....
###...(.≈≈≈≈≈≈≈(≈≈≈
≈PPPP.PPP......≈≈≈≈≈≈≈≈≈≈≈≈≈
≈≈P≈PP.P....≈..≈≈≈≈≈≈≈≈≈≈≈≈≈
≈≈≈≈PP.P..≈≈≈..≈≈≈≈≈≈≈≈≈≈≈≈≈
≈≈≈≈≈.....≈≈...≈≈≈≈≈≈≈≈≈≈≈≈≈≈≈
≈≈≈≈...≈........m≈≈≈≈(≈≈≈≈≈≈≈≈
≈≈≈≈≈.≈.##......(.≈≈..≈≈≈≈≈≈≈≈
≈≈≈≈≈≈≈≈###.....@Ht(m..≈≈≈≈≈≈≈
≈≈≈≈≈≈≈..###...≈.......≈≈≈≈≈≈≈
≈≈≈≈≈≈≈≈.......≈.....≈≈≈≈≈≈≈≈≈
≈≈≈≈≈≈≈≈≈............≈≈≈≈≈≈≈≈≈
≈≈≈≈≈≈≈≈≈≈.......##...≈≈≈≈≈≈≈≈
≈≈.≈≈≈≈≈≈≈.......###.....≈≈≈≈≈
≈≈≈≈≈≈≈≈≈≈.........≈....≈≈≈≈≈≈
≈≈≈≈≈≈≈≈≈≈≈...........≈≈≈≈≈≈≈≈
≈≈≈≈≈≈≈≈≈≈≈≈...≈....≈..≈≈≈≈≈≈≈


You could see a merfolk impaler, a snapping turtle, a merfolk and a manticore.

Vanquished Creatures
  A merfolk impaler (Shoals:1)
  Fannar (D:10)
  An ice dragon (D:13)
  Erica (D:9)
  A hydra (D:11)
  6 two-headed ogres
  6 centaur warriors
  A vampire mage (D:15)
  Sonja (D:10)
  2 skeletal warriors (D:15)
  An orange crystal statue (D:9)
  A deep elf archer (D:14)
  2 wizards (D:14)
  An orc knight (D:13)
  2 necromancers
  3 deep elf magi
  2 cyclopes
  11 ugly things
  A stone giant zombie (D:15)
  A manticore (Shoals:1)
  2 slime creatures (D:14)
  3 elephants (Lair:2)
  5 centaur zombies
  A centaur skeleton (D:15)
  Joseph (D:10)
  Psyche (D:9)
  3 spiny frogs (Lair:1)
  3 gargoyles
  5 large abominations (D:14)
  3 rime drakes
  A kobold demonologist (D:15)
  A tengu conjurer (D:14)
  6 komodo dragons
  A merfolk (Shoals:1)
  Prince Ribbit (D:7)
  3 trolls
  A spriggan zombie (D:15)
  A hippogriff (shapeshifter) (D:15)
  9 blink frogs (Lair:1)
  A hippogriff (D:15)
  Sigmund (D:4)
  A meliai zombie (D:15)
  A spriggan (shapeshifter) (D:13)
  A centaur simulacrum (D:15)
  3 water elementals (Shoals:1)
  3 shadows
  2 wraiths
  30 yaks
  A hog (shapeshifter) (D:15)
  20 humans (D:14)
  A basilisk (D:14)
  5 vampire mosquitoes (D:13)
  4 hungry ghosts
  Menkaure (D:6)
  An acid dragon (D:15)
  A human zombie (D:15)
  2 water moccasins
  A porcupine (Lair:1)
  4 ice beasts
  A phantom (D:5)
  4 sky beasts
  An eye of draining (D:14)
  15 orc warriors
  A black bear (Lair:1)
  12 wolves
  4 ogres
  15 centaurs
  5 crocodiles
  3 big kobolds
  22 bullfrogs
  2 wyvern zombies
  Blork the orc (D:4)
  A wyvern skeleton (D:9)
  5 scorpions
  A tengu zombie (D:15)
  7 killer bees
  7 wights
  6 howler monkeys
  9 crimson imps
  A bullfrog zombie (D:10)
  2 quasits
  19 orc wizards
  11 orc priests
  A gnoll shaman (D:7)
  4 jellies
  2 bullfrog skeletons (D:4)
  2 hounds
  Crazy Yiuf (D:7)
  7 iguanas
  14 worker ants
  A killer bee zombie (D:4)
  6 small abominations (D:14)
  3 hound zombies
  4 hound skeletons
  Robin (D:4)
  4 gnolls (D:7)
  A howler monkey skeleton (D:6)
  13 adders
  4 shadow imps
  3 adder zombies
  An adder skeleton (D:7)
  2 worms (D:2)
  A dart slug (D:2)
  4 leopard geckos
  83 orcs
  4 ball pythons
  3 giant cockroaches (D:1)
  20 goblins
  3 hobgoblins
  12 jackals
  20 kobolds
  6 quokkas
  2 bats (D:1)
  2 frilled lizards
  7 rats
577 creatures vanquished.

Vanquished Creatures (others)
  A hydra (Lair:1)
  A merfolk aquamancer (Shoals:1)
  A two-headed ogre (D:13)
  A manticore (D:15)
  A spiny frog (Lair:1)
  A troll (D:14)
  2 yaks
  A human (D:14)
  A small abomination (D:14)
  A wight (D:15)
  A goblin (D:1)
  5 bushes (D:14)
  9 plants (D:8)
26 creatures vanquished.

Grand Total: 603 creatures vanquished

Notes
Turn   | Place    | Note
-------+----------+-------------------------------------------
     0 | D:1      | sighowe the Gargoyle Monk began the quest for the Orb.
     0 | D:1      | Reached XP level 1. HP: 14/14 MP: 1/1
   186 | D:1      | Reached XP level 2. HP: 12/19 MP: 2/2
   563 | D:1      | Reached skill level 1 in Armour
   566 | D:1      | Reached XP level 3. HP: 20/23 MP: 3/3
  1504 | D:2      | Reached XP level 4. HP: 19/29 MP: 4/4
  1794 | D:2      | Found a deep blue altar of Sif Muna.
  1919 | D:2      | Reached skill level 3 in Stealth
  2131 | D:2      | Found an opulent altar of Gozag.
  2131 | D:2      | Found a blossoming altar of Fedhas.
  2174 | D:2      | Reached skill level 1 in Throwing
  2375 | D:3      | Reached skill level 1 in Short Blades
  2580 | D:3      | Found a faded altar of an unknown god.
  3138 | D:4      | Noticed a water moccasin
  3146 | D:4      | Reached XP level 5. HP: 32/33 MP: 5/5
  3187 | D:4      | Killed a water moccasin
  3187 | D:4      | Reached XP level 6. HP: 20/38 MP: 7/7
  3440 | D:4      | Reached skill level 1 in Spellcasting
  3850 | D:4      | Noticed Robin
  3965 | D:4      | Killed Robin
  4060 | D:4      | Noticed Blork the orc
  4079 | D:4      | Killed Blork the orc
  4079 | D:4      | Reached XP level 7. HP: 40/44 MP: 8/8
  4139 | D:4      | Gained mutation: You are covered in fur. (AC +1) [potion of
                  | mutation]
  4139 | D:4      | Gained mutation: Armour fits poorly on your strangely
                  | shaped body. [potion of mutation]
  4139 | D:4      | Gained mutation: Your spells are a little harder to cast,
                  | but a little more powerful. [potion of mutation]
  4139 | D:4      | Gained mutation: You expend magic power (3 MP) to
                  | strengthen your wands. [potion of mutation]
  4141 | D:4      | Noticed Sigmund
  4162 | D:5      | Entered Level 5 of the Dungeon
  4166 | D:5      | Reached skill level 4 in Stealth
  4359 | D:4      | Killed Sigmund
  4743 | D:4      | Reached skill level 5 in Fighting
  4987 | D:4      | Found a shadowy altar of Dithmenos.
  5114 | D:4      | Found a burning altar of Makhleb.
  5265 | D:5      | Reached XP level 8. HP: 49/49 MP: 10/10
  5664 | D:5      | Reached skill level 5 in Stealth
  6136 | D:5      | Learned a level 1 spell: Sting
  6578 | D:6      | Reached skill level 1 in Axes
  6757 | D:6      | Found a bloodstained altar of Trog.
  6765 | D:6      | Found Suc Gimn's Gadget Shoppe.
  6853 | D:6      | Reached XP level 9. HP: 42/55 MP: 9/12
  7404 | D:6      | Reached skill level 5 in Armour
  7410 | D:6      | Found a basalt altar of Yredelemnul.
  7622 | D:6      | Got a scorched short sword
  7623 | D:6      | Identified the +8 short sword of Legag {venom, *Corrode
                  | +Inv rPois rC- Int+6} (You found it on level 6 of the
                  | Dungeon)
  7664 | D:6      | Noticed Menkaure
  7680 | D:6      | Killed Menkaure
  7834 | D:6      | Reached skill level 6 in Stealth
  9216 | D:7      | Reached XP level 10. HP: 44/61 MP: 14/14
  9604 | D:7      | Found a staircase to the Ecumenical Temple.
  9611 | D:7      | Noticed Prince Ribbit
  9623 | D:7      | Killed Prince Ribbit
  9634 | Temple   | Entered the Ecumenical Temple
  9701 | Temple   | Became a worshipper of Ru the Awakened
  9704 | Temple   | Gained mutation: You are hated by all. [Ru sacrifice]
  9704 | Temple   | Reached * piety under Ru
 10083 | D:7      | Reached skill level 5 in Throwing
 10395 | D:7      | Found a runed translucent door.
 10396 | D:7      | Noticed Crazy Yiuf
 10490 | D:7      | Reached skill level 7 in Stealth
 10559 | D:7      | Killed Crazy Yiuf
 10681 | D:8      | Reached skill level 5 in Short Blades
 10698 | D:8      | Noticed a two-headed ogre
 11577 | D:8      | Learned a level 2 spell: Poisonous Vapours
 11607 | D:8      | Found a staircase to the Lair.
 11621 | Lair:1   | Entered Level 1 of the Lair of Beasts
 11734 | D:8      | Found an iron altar of Okawaru.
 11734 | D:8      | Found a bloodstained altar of Trog.
 12230 | D:9      | Found a staircase to the Orcish Mines.
 12254 | Orc:1    | Entered Level 1 of the Orcish Mines
 12256 | Orc:1    | Noticed a cyclops
 12501 | D:9      | Got a faintly humming chain mail
 12589 | D:9      | Identified the +8 chain mail "Muptuvamm" {-Cast Int+4
                  | Stlth+} (You found it on level 9 of the Dungeon)
 12618 | D:9      | Gained mutation: You are missing a hand. [Ru sacrifice]
 12618 | D:9      | Reached ** piety under Ru
 12618 | D:9      | Reached *** piety under Ru
 12618 | D:9      | Reached **** piety under Ru
 12628 | D:9      | Noticed an orange crystal statue
 12671 | D:9      | Noticed Erica
 12693 | D:9      | Killed Erica
 12693 | D:9      | Reached XP level 11. HP: 60/68 MP: 16/16
 13248 | D:9      | Killed an orange crystal statue
 13248 | D:9      | Reached skill level 8 in Stealth
 13418 | D:9      | Noticed Psyche
 13430 | D:9      | Killed Psyche
 13541 | D:9      | Found a glowing golden altar of the Shining One.
 13541 | D:9      | Found a sparkling altar of Nemelex Xobeh.
 13546 | D:9      | Found a snail-covered altar of Cheibriados.
 13548 | D:9      | Found a faded altar of an unknown god.
 13550 | D:9      | Found a white marble altar of Elyvilon.
 13727 | D:9      | Noticed a two-headed ogre
 13734 | D:9      | Killed a two-headed ogre
 13783 | D:10     | Entered Level 10 of the Dungeon
 14140 | D:10     | Noticed Fannar
 14179 | D:10     | Killed Fannar
 14270 | D:10     | Paralysed by fainting for 12 turns
 14286 | D:10     | Paralysed by fainting for 8 turns
 14505 | D:10     | Noticed Joseph
 14516 | D:10     | Killed Joseph
 14516 | D:10     | Reached skill level 5 in Axes
 14831 | D:10     | Noticed Sonja
 14853 | D:10     | Killed Sonja
 14908 | D:11     | Noticed a two-headed ogre
 14913 | D:11     | Killed a two-headed ogre
 15073 | D:11     | Noticed a two-headed ogre
 15084 | D:11     | Killed a two-headed ogre
 15102 | D:11     | Gained mutation: You cannot study or use magical devices.
                  | [Ru sacrifice]
 15102 | D:11     | Reached ***** piety under Ru
 15102 | D:11     | Reached ****** piety under Ru
 15126 | D:11     | Learned a level 1 spell: Infusion
 15134 | D:11     | Reached XP level 12. HP: 75/75 MP: 18/18
 15197 | D:11     | Reached skill level 5 in Dodging
 15381 | D:11     | Reached skill level 9 in Stealth
 15541 | D:11     | Noticed a six-headed hydra
 15586 | D:11     | Killed a six-headed hydra
 17325 | D:13     | Noticed an ice dragon
 17540 | D:13     | Noticed a two-headed ogre
 17544 | D:13     | Killed an ice dragon
 17549 | D:13     | Killed a two-headed ogre
 17808 | D:13     | Lost mutation: Your spells are a little harder to cast, but
                  | a little more powerful. [potion of mutation]
 17808 | D:13     | Lost mutation: You expend magic power (3 MP) to strengthen
                  | your wands. [potion of mutation]
 17808 | D:13     | Gained mutation: Your large and strong wings let you fly
                  | indefinitely. [potion of mutation]
 17808 | D:13     | Gained mutation: You are partially covered in slimy green
                  | scales. (AC +2) [potion of mutation]
 17808 | D:13     | Gained mutation: You have an increased reservoir of magic.
                  | (+10% MP) [potion of mutation]
 17822 | D:13     | Noticed a centaur warrior
 17841 | D:13     | Killed a centaur warrior
 17960 | D:13     | Reached skill level 5 in Spellcasting
 17966 | D:13     | Noticed a two-headed ogre
 17988 | D:13     | Killed a two-headed ogre
 18038 | D:13     | Reached skill level 10 in Stealth
 18038 | D:13     | Reached XP level 13. HP: 26/80 MP: 22/22
 19098 | D:14     | Reached skill level 10 in Fighting
 20551 | D:14     | Reached skill level 5 in Maces & Flails
 21196 | D:14     | Reached skill level 11 in Stealth
 21387 | D:14     | Found a gate to the Vaults.
 21574 | D:14     | Identified the +10 spear "Nukul" {pierce, Fragile rF+ Dex+4
                  | Stlth+}
 21577 | D:14     | Reached skill level 10 in Armour
 21639 | D:14     | Mutation became permanent: Your large and strong wings let
                  | you fly indefinitely. [Gargoyle growth]
 21639 | D:14     | Gained mutation: Your large and strong wings let you fly
                  | indefinitely. [Gargoyle growth]
 21639 | D:14     | Reached XP level 14. HP: 17/88 MP: 24/24
 22156 | D:15     | Entered Level 15 of the Dungeon
 22285 | D:15     | Found a flickering gateway to a bazaar.
 22291 | Bazaar   | Entered a bazaar
 22317 | Bazaar   | Found Dedaef's Antique Weapon Shoppe.
 22346 | Bazaar   | Found Joxetott's Weapon Shoppe.
 22371 | Bazaar   | Found Puorphuf's Armour Shoppe.
 22371 | Bazaar   | Found Qiojun's Book Emporium.
 22410 | Bazaar   | Bought a +2 helmet of see invisible for 236 gold pieces
 22410 | Bazaar   | Bought a +2 pair of gloves of strength for 236 gold pieces
 23356 | D:15     | Identified Lyovo's Tome of Ashen Augmentations
 23600 | D:15     | Found a staircase to the Depths.
 26383 | Lair:3   | Found a staircase to the Shoals.
 26407 | Shoals:1 | Entered Level 1 of the Shoals
 26490 | Shoals:1 | Reached skill level 12 in Stealth
 26511 | Shoals:1 | Mangled by a merfolk impaler

Skill      XL: |  1  2  3  4  5  6  7  8  9 10 11 12 13 14 |
---------------+-------------------------------------------+-----
Armour         | 1 2 3 4 5 6 7 9 10 | 10.7
Stealth        | 3 4 5 6 7 8 10 11 12 | 12.0
Throwing       | 1 2 3 4 5 6 7 8 9 |  9.3
Short Blades   | 1 2 3 4 5 6 7 8 9 |  9.3
Fighting       | 4 5 6 7 8 9 10 11 | 11.3
Spellcasting   | 1 2 3 4 5 6 |  6.2
Dodging        | 3 4 5 6 |  6.5
Maces & Flails | 4 5 |  5.8
Axes           | 1 2 4 5 6 8 |  8.0

Action                   |  1- 3 |  4- 6 |  7- 9 | 10-12 | 13-15 || total
-------------------------+-------+-------+-------+-------+-------++-------
Melee: Short sword       |    77 |    13 |    38 |   826 |  1059 ||  2013
       Mace              |     2 |       |       |       |       ||     2
       Dagger            |       |   119 |   285 |       |       ||   404
       Unarmed           |       |    27 |       |       |       ||    27
       Hand axe          |       |       |    16 |       |       ||    16
       War axe           |       |       |    50 |       |       ||    50
       Demon whip        |       |       |       |    17 |   126 ||   143
 Fire: Hunting sling     |       |       |     6 |       |       ||     6
Throw: Stone             |     8 |    19 |    25 |       |       ||    52
       Tomahawk          |       |       |     3 |    38 |     6 ||    47
 Cast: Sting             |       |       |    32 |    81 |       ||   113
       Poisonous Vapours |       |       |       |     5 |       ||     5
Invok: Sacrifice Love    |       |       |       |     1 |       ||     1
       Sacrifice a Hand  |       |       |       |     1 |       ||     1
       Power Leap        |       |       |       |     1 |       ||     1
       Sacrifice Artific |       |       |       |     1 |       ||     1
       Apocalypse        |       |       |       |     1 |     6 ||     7
       Draw Out Power    |       |       |       |       |     4 ||     4
Evoke: Wand              |       |     1 |     1 |     7 |       ||     9
  Use: Potion            |       |     7 |     6 |    11 |     5 ||    29
       Scroll            |       |       |    21 |    16 |    14 ||    51
 Stab: Sleeping          |     5 |     6 |     9 |    11 |     6 ||    37
       Confused          |       |     1 |       |       |       ||     1
       Distracted        |       |       |       |     6 |    11 ||    17
       Invisible         |       |       |       |     2 |     7 ||     9
       Paralysed         |       |       |       |     2 |     6 ||     8
  Eat: Chunk             |     2 |     1 |     7 |     1 |     3 ||    14
       Ration            |       |     2 |     5 |    10 |     8 ||    25
Armor: Robe              |    29 |    11 |   151 |    77 |       ||   268
       Leather armour    |       |    37 |     5 |       |       ||    42
       Chain mail        |       |       |       |   385 |   742 ||  1127
Dodge: Dodged            |    62 |   138 |   282 |   448 |   591 ||  1521
